 Dungeon Crawl Stone Soup version 0.26.0-20-g3ca415f5b8 (webtiles) character file.

Game seed: 17576560319851757970

1233 kaeus the Ruffian (level 8, -3/67 HPs)
             Began as a Yellow Draconian Transmuter on Jan 25, 2021.
             Was an Initiate of Sif Muna.
             Slain by Menkaure (20 damage)
             ... on level 7 of the Dungeon.
             The game lasted 00:11:14 (9342 turns).

kaeus the Ruffian (Yellow Draconian Transmuter)     Turns: 9342, Time: 00:11:15

Health: -3/67      AC:  6    Str: 15    XL:     8   Next: 24%
Magic:  13/14      EV: 13    Int: 14    God:    Sif Muna [......]
Gold:   295        SH:  6    Dex: 11    Spells: 9/15 levels left

rFire    . . .     SeeInvis .     - Unarmed
rCold    . . .     Faith    .   m - +3 buckler
rNeg     + . .     Spirit   .   (armour unavailable)
rPois    .         Reflect  .   (helmet currently unavailable)
rElec    .         Harm     .   (no cloak)
rCorr    +         Rampage  .   (no gloves)
Will     .....                  (boots currently unavailable)
Stlth    +.........             (no amulet)
HPRegen  0.21/turn              n - ring of positive energy
MPRegen  0.14/turn              (no ring)

@: appendages
A: spit acid, unfitting armour, horns 2, talons 2, cold-blooded, acid
resistance, AC +6
a: Breathe Acid, End Transformation, Renounce Religion


You were on level 7 of the Dungeon.
You worshipped Sif Muna.
Sif Muna was noncommittal.
You had grown temporary horns.
You had grown temporary talons.
You visited 2 branches of the dungeon, and saw 8 of its levels.

You collected 295 gold pieces.

Inventory:

Armour
 m - a +3 buckler (worn)
Magical Staves
 o - an uncursed staff of fire
Jewellery
 n - a ring of positive energy (left hand)
Wands
 h - a wand of acid (11)
Scrolls
 a - 2 scrolls of enchant armour
 b - a scroll of enchant weapon
 c - 4 scrolls of identify
 d - a scroll of noise {unknown}
 f - 3 scrolls of blinking
 g - a scroll of random uselessness
 i - 2 scrolls of immolation
 j - a scroll of teleportation
Potions
 e - 3 potions of might {unknown}
 k - a potion of haste {unknown}
 l - a potion of heal wounds
 p - a potion of cancellation {unknown}


   Skills:
 + Level 4.9 Fighting
 + Level 4.3 Dodging
 + Level 0.0 Shields
 + Level 5.2 Unarmed Combat
 + Level 4.4 Spellcasting
 * Level 4.7 Transmutations
 + Level 0.0 Evocations


You had 9 spell levels left.
You knew the following spells:

 Your Spells              Type           Power        Failure   Level
a - Beastly Appendage     Tmut           32%          4%          1
b - Blade Hands           Tmut           8%           77%         5

Your spell library contained the following spells:

 Spells                   Type           Power        Failure   Level
 Wereblood                Tmut           16%          7%          2
 Animate Skeleton         Necr           6%           30%         1
 Apportation              Tloc           6%           30%         1
 Corona                   Hex            3%           30%         1
 Summon Small Mammal      Summ           12%          30%         1
 Spider Form              Tmut/Pois      4%           34%         3
 Ice Form                 Ice/Tmut       9%           75%         4


Dungeon Overview and Level Annotations

Branches:
Dungeon (7/15)             Temple (1/1) D:6

Altars:
Ashenzari
Cheibriados
Dithmenos
Elyvilon
Fedhas
Gozag
Kikubaaqudgha
Makhleb
Nemelex Xobeh
Okawaru
Qazlal
Ru
Sif Muna
Trog
Uskayaw
Vehumet
Wu Jian
Xom
Yredelemnul
Zin
The Shining One

Shops:
D:4 :

Annotations:
D:7 Menkaure


Innate Abilities, Weirdness & Mutations

You can spit globs of acid.
Your golden yellow scales are hard. (AC +6)
You cannot fit into any form of body armour.
You are cold-blooded and may be slowed by cold attacks.
You are resistant to acid. (rCorr)
You have a pair of horns on your head.
You have razor-sharp toenails.


Message History

You are too injured to fight recklessly!
You are too injured to fight recklessly!
Menkaure is nearby!
You are too injured to fight recklessly!
Casting: Beastly Appendage (safe; 4% risk of failure)
Confirm with . or Enter, or press ? or * to list all spells.
You grow a pair of large bovine horns.
Your feet morph into talons.
You block Menkaure's attack.
You now have 13/14 mp.
You hit Menkaure. Your kick misses Menkaure. You headbutt Menkaure.
You tail-slap Menkaure.
Menkaure is heavily damaged.
Menkaure casts a spell at you. Pain shoots through your body!
* * * LOW HITPOINT WARNING * * *
You take 5 damage, and have 17/67 hp.
You barely miss Menkaure. Your headbutt misses Menkaure.
Menkaure is heavily damaged.
Menkaure hits you!!
You die...

#.................#
#.................#
#.................#
....#####.........##
....# #.........#
#.........#
#.........#
#.........#
###....@### #....M#
#.....# #.....#
#.....# #######


You could see Menkaure.

Vanquished Creatures
  Prince Ribbit (D:5)
  A sky beast (D:6)
  2 ogres
  3 centaurs
  A centaur zombie (D:5)
  A bullfrog zombie (D:5)
  3 hounds
  An orc wizard (D:2)
  2 iguanas (D:5)
  2 worker ants
  7 adders
  7 gnolls
  An ufetubus (D:5)
  An adder zombie (D:6)
  A dart slug (D:1)
  6 leopard geckos
  4 orcs
  2 giant cockroaches
  8 goblins
  9 hobgoblins
  14 jackals
  6 kobolds
  4 quokkas
  10 bats
  5 frilled lizards
  5 rats
107 creatures vanquished.

Notes
Turn   | Place    | Note
-------+----------+-------------------------------------------
     0 | D:1      | kaeus the Draconian Transmuter began the quest for the Orb.
     0 | D:1      | Reached XP level 1. HP: 16/16 MP: 3/3
   356 | D:1      | Reached XP level 2. HP: 23/23 MP: 3/5
  1391 | D:1      | Reached XP level 3. HP: 28/29 MP: 4/6
  2062 | D:2      | Reached XP level 4. HP: 36/36 MP: 5/7
  2863 | D:2      | Found a hide-covered altar of Uskayaw.
  3237 | D:3      | Reached XP level 5. HP: 22/42 MP: 7/9
  3729 | D:3      | Found a basalt altar of Yredelemnul.
  3729 | D:3      | Found a glowing silver altar of Zin.
  5305 | D:4      | Found Loef's Book Emporium.
  5326 | D:4      | Noticed an ogre
  5334 | D:4      | Killed an ogre
  5335 | D:4      | Reached skill level 4 in Unarmed Combat
  5335 | D:4      | Reached XP level 6. HP: 35/51 MP: 8/10
  5803 | D:5      | Entered Level 5 of the Dungeon
  5961 | D:5      | Noticed Prince Ribbit
  5985 | D:5      | Killed Prince Ribbit
  5986 | D:5      | Your scales start taking on a golden yellow colour.
  5986 | D:5      | Reached XP level 7. HP: 4/58 MP: 10/12
  5986 | D:5      | Gained mutation: You are resistant to acid. (rCorr) [Yellow
                  | Draconian growth]
  6560 | D:5      | Found an opulent altar of Gozag.
  7037 | D:5      | Found an ornate altar of the Wu Jian Council.
  7502 | D:5      | Found an ancient bone altar of Kikubaaqudgha.
  8005 | D:6      | Learned a level 5 spell: Blade Hands
  8306 | D:6      | Reached skill level 5 in Unarmed Combat
  8306 | D:6      | Reached XP level 8. HP: 26/67 MP: 14/14
  8635 | D:6      | Found a shimmering blue altar of Sif Muna.
  8849 | D:6      | Found a staircase to the Ecumenical Temple.
  8872 | Temple   | Entered the Ecumenical Temple
  9209 | D:6      | Became a worshipper of Sif Muna the Loreminder
  9335 | D:7      | Noticed Menkaure
  9342 | D:7      | Slain by Menkaure

Illustrated notes

Levels and vault maps discovered:
D:1:      dpeg_arrival_central, layout_loops_corners
D:2:      layout_loops_ring, lemuel_crystal_altar, minivault_4
D:3:      layout_basic, gammafunk_temple_overflow_pools
D:4:      layout_rooms, serial_shops, shop
D:5:      layout_rooms, grunt_gozag_breadcrumbs, kennysheep_little_box,
          basic_altar, uniq_prince_ribbit1
D:6:      layout_basic, old_standard_altar, minmay_temple_entry_sparse_star
D:7:      layout_gridville, uniq_menkaure, uniq_pikel
Temple:   regret_index_temple_generic_petals

Skill      XL: |  1  2  3  4  5  6  7 |
---------------+----------------------+-----
Dodging        | 2 3 4 |  4.3
Fighting       | 2 3 4 |  4.9
Transmutations | 3 4 |  4.7
Spellcasting   | 3 4 |  4.4
Unarmed Combat | 4 5 |  5.2

Action                   |  1- 3 |  4- 6 |  7- 9 || total
-------------------------+-------+-------+-------++-------
Melee: Unarmed           |   143 |   181 |   112 ||   436
       Kick              |    23 |    29 |    29 ||    81
       Tailslap          |     8 |    12 |    15 ||    35
       Headbutt          |    10 |    14 |    21 ||    45
       Punch             |     2 |     3 |     1 ||     6
 Cast: Beastly Appendage |    31 |    32 |    19 ||    82
 Abil: Breathe Acid      |       |       |     2 ||     2
  Use: Potion            |       |     4 |       ||     4
       Scroll            |       |       |     7 ||     7
Armor: Skin              |    56 |    66 |    19 ||   141
Dodge: Dodged            |   105 |   123 |    75 ||   303
Block: Buckler           |       |       |     4 ||     4
